 Dungeon Crawl Stone Soup version 0.28.0-45-g0d030f2227 (webtiles) character file.

Game seed: 10895302280984993759

49 rageheart7 the Skirmisher (level 3, -2/24 HPs)
             Began as a Tengu Fighter on Apr 14, 2022.
             Killed from afar by Sigmund (5 damage)
             ... with a magic dart
             ... on level 2 of the Dungeon.
             The game lasted 00:02:45 (1329 turns).

rageheart7 the Skirmisher (Tengu Fighter)           Turns: 1329, Time: 00:02:46

Health: -2/24      AC:  5    Str: 16    XL:     3   Next: 77%
Magic:  4/4        EV: 10    Int:  8    God:
Gold:   35         SH:  0    Dex: 15    Spells: 2/2 levels left

rFire   . . .      SeeInvis .   b - +2 dagger (elec)
rCold   + . .      Faith    .   c - +0 buckler
rNeg    . . .      Spirit   .   j - +2 leather armour {rC+}
rPois   .          Reflect  .   (helmet restricted)
rElec   .          Harm     .   (no cloak)
rCorr   .          Rampage  .   (no gloves)
Will    .....                   (boots unavailable)
Stlth   +.........              (no amulet)
HPRegen 0.08/turn               (no ring)
MPRegen 0.09/turn               (no ring)

@: confused, mighty
A: beak, talons 3
a: no special abilities


You were on level 2 of the Dungeon.
You visited 1 branch of the dungeon, and saw 2 of its levels.

You collected 35 gold pieces.

Inventory:

Hand Weapons
 a - a +1 long sword
 b - a +2 dagger of electrocution (weapon)
Armour
 c - a +0 buckler (worn)
 j - a +2 leather armour of cold resistance (worn)
Scrolls
 f - a scroll of enchant weapon
 g - a scroll of amnesia {unknown}
 h - 2 scrolls of immolation {unknown}
 i - 2 scrolls of identify {unknown}
Potions
 d - 3 potions of might


   Skills:
 * Level 3.9 Fighting
 * Level 3.4 Long Blades
 - Level 3.2 Armour
 - Level 3.0 Shields


You had 2 spell levels left.
You didn't know any spells.
Your spell library was empty.

Dungeon Overview and Level Annotations

Branches:
Dungeon (2/15)

Altars:

Annotations:
D:2 Jessica, Sigmund, Terence


Innate Abilities, Weirdness & Mutations

You have a beak for a mouth.
You have claws for feet.


Message History

You feel very mighty all of a sudden.
It was a potion of ambrosia.
You are more confused.
You feel invigorated. Jessica gestures at you while chanting.
Something writhes in agony.
A magic dart appears from out of thin air!
The magic dart hits you.
You hear some strange, mumbled words.
Something tries to affect you, but you resist.
Jessica gestures wildly while chanting.
Jessica blinks!
Something completely misses you.
Unknown command.
Jessica shouts, "You're disturbing me!
I'll have to kill you!" Jessica casts a spell at you.
You resist with some effort. Something hits you. Jessica misses you.
You closely miss Jessica. Your kick misses Jessica. Your peck misses Jessica.
Jessica is lightly wounded.
Jessica hits you but does no damage.
A magic dart appears from out of thin air!
The magic dart hits you.
You barely miss Jessica.
Jessica is lightly wounded.
Jessica closely misses you. Jessica hits you but does no damage.
You barely miss Jessica. You claw Jessica.
Jessica is severely wounded.
Something hits you. Jessica hits you with a +0 dagger. Something hits you!
Jessica hits you but does no damage.
You feel less invigorated.
Jessica points at you and mumbles some strange words.
Pain shoots through your body!
Ouch! That really hurt!
* * * LOW HITPOINT WARNING * * *
Unknown command.
Okay, then.
Jessica closely misses you.
A magic dart appears from out of thin air!
The magic dart hits you.
You die...

..#+###.#............. .
..................<.
..............#.##.# ..
......#...#####.# .#..
......#...### # .#.#
......#.....###+##+#.#.#.@
..##. #..†..#..........#..
## #. #...@.#.......#..#.#
##..#..@.{#.......#....#
....................#..#
...##########.##.##.....
.. #.....'...>. .
#.##.##..... #.##+##§....
#.#......... #...........
#...........


You could see Jessica (fast).

Vanquished Creatures
  2 dart slugs (D:1)
  3 bats (D:1)
  2 endoplasms (D:1)
  4 giant cockroaches
  9 goblins
  5 hobgoblins
  A quokka (D:1)
  4 ball pythons
  4 kobolds
  6 rats (D:1)
40 creatures vanquished.

Notes
Turn   | Place    | Note
-------+----------+-------------------------------------------
     0 | D:1      | rageheart7 the Tengu Fighter began the quest for the Orb.
     0 | D:1      | Reached XP level 1. HP: 14/14 MP: 2/2
   285 | D:1      | Reached XP level 2. HP: 18/19 MP: 3/3
   577 | D:1      | Reached XP level 3. HP: 23/23 MP: 4/4
  1298 | D:2      | Noticed Jessica
  1300 | D:2      | Noticed Terence
  1300 | D:2      | Noticed Sigmund
  1329 | D:2      | Killed from afar by Sigmund

Illustrated notes

Levels and vault maps discovered:
D:1:      amcnicky_arrival_feature_with_door, layout_basic
D:2:      minmay_wonky_spiral, layout_basic, uniq_sigmund, uniq_jessica,
          uniq_terence

Skill      XL: |  1  2 |
---------------+-------+-----
Long Blades    | 3 |  3.4
Fighting       | |  3.9
Armour         | |  3.2
Shields        | |  3.0

Action                   || total
-------------------------++-------
Melee: Long sword        ||    63
       Kick              ||     7
       Peck              ||     8
       Dagger            ||    12
  Use: Potion            ||     2
       Scroll            ||     1
Armor: Scale mail        ||    23
       Leather armour    ||     4
       Skin              ||     2
Dodge: Dodged            ||    36
Block: Buckler           ||     8
